 Dungeon Crawl Stone Soup version 0.27-a0-417-g317cea8a3c (webtiles) character file.

Game seed: 12131201974563637074

401283 Anon1729 the Cloud Mage (level 21, -20/141 HPs)
             Began as a Felid Venom Mage on Feb 25, 2021.
             Was the Champion of Ru.
             Killed from afar by an orb of fire (23 damage)
             ... with a bolt of fire
             ... on level 5 of the Realm of Zot.
             The game lasted 07:28:07 (116594 turns).

Anon1729 the Cloud Mage (Felid Venom Mage)        Turns: 116594, Time: 07:28:08

Health: -20/141    AC: 21    Str:  9    XL:     21   Next: 96%
Magic:  17/38      EV: 29    Int: 29    God:    Ru [******]
Gold:   4299       SH:  0    Dex: 20    Spells: 0/44 levels left
                                        Lives:  0   Deaths: 7

rFire    + + .     SeeInvis +     - Unarmed
rCold    + . .     Faith    .   (shield unavailable)
rNeg     + . .     Spirit   .   (armour unavailable)
rPois    ∞         Reflect  .   (helmet unavailable)
rElec    +         Harm     .   (cloak unavailable)
rCorr    +         Rampage  .   (gloves unavailable)
Will     +++..                  (boots unavailable)
Stlth    ++........             U - amulet of Jealousy {Acrobat +Blink rC+}
HPRegen  0.00/turn              g - ring of the Cockatrice {Fire rElec Int+2 Stlth+}
MPRegen  0.26/turn              o - ring "Onachi" {Wiz rPois Str+5}

@: statue-form (expiring), resistant, very slow
A: very small, no armour, no weapons or thrown items, stealth, claws 1, fangs 3,
horns 2, see invisible, clever 2, inhibited regeneration, no potion heal 1,
subdued magic 1, hated by all, no conjurations magic, no hexes magic, no ice
magic, reduced AC 1, reduced EV 1, sharp paws, missing an eye
0: Orb of Zot
}: 3/15 runes: decaying, serpentine, silver
a: End Transformation, Renounce Religion, Evoke Blink, Draw Out Power, Power
Leap, Apocalypse


You were on level 5 of the Realm of Zot.
You worshipped Ru.
Ru was exalted by your worship.
You were a stone statue.
You visited 10 branches of the dungeon, and saw 50 of its levels.
You visited 2 bazaars.
You also visited: Ice Cave.

You collected 9941 gold pieces.
You spent 5642 gold pieces at shops.

Inventory:

Hand Weapons
 M - the +8 demon trident "Rift" {distort, reach+}
   (You took it off an orc knight on level 5 of the Vaults)

   It warps and distorts space around it.
   Unwielding it can cause banishment or high damage.
Jewellery
 d - a ring of resist corrosion
 g - the ring of the Cockatrice (left paw) {Fire rElec Int+2 Stlth+}
   (You acquired it on level 6 of the Lair of Beasts)

   [ring of fire]

   It enhances your fire magic.
   It affects your intelligence (+2).
   It protects you from fire.
   It makes you vulnerable to cold.
   It insulates you from electricity.
   It makes you more stealthy.
 o - the ring "Onachi" (right paw) {Wiz rPois Str+5}
   (You found it on level 5 of the Vaults)

   [ring of wizardry]

   It improves your spell success rate.
   It affects your strength (+5).
   It protects you from poison.
 u - an amulet of guardian spirit
 N - the ring of Puothreph {rPois rN+ Will+ Str+6 Dex+2}
   (You took it off a deep elf demonologist on level 3 of the Elven Halls)

   [ring of strength]

   It affects your strength (+6).
   It affects your dexterity (+2).
   It protects you from poison.
   It protects you from negative energy.
   It affects your willpower, your defense against some magical effects.
 Q - the ring of Autotheism {rPois MP+9 Dex+3 Slay+3 Stlth+}
   (You found it on level 15 of the Dungeon)

   [ring of magical power]

   It affects your dexterity (+3).
   It affects your accuracy and damage with ranged weapons and melee attacks
   (+3).
   It protects you from poison.
   It affects your magic capacity (+9).
   It makes you more stealthy.
 S - the ring of Pocsamel {rN+ Will++}
   (You took it off a boggart on level 15 of the Dungeon)

   [ring of positive energy]

   It protects you from negative energy.
   It affects your willpower, your defense against some magical effects.
 U - the amulet of Jealousy (around neck) {Acrobat +Blink rC+}
   (You found it on level 3 of the Swamp)

   [amulet of the acrobat]

   It helps you evade while moving and waiting.
   It protects you from cold.
   It lets you blink.
 Z - the ring "Genyurig" {*Corrode rPois AC+4 Dex+8 Stlth+}
   (You found it on level 15 of the Dungeon)

   [ring of protection]

   It affects your AC (+4).
   It affects your dexterity (+8).
   It protects you from poison.
   It may corrode you when you take damage.
   It makes you more stealthy.
Wands
 v - a wand of polymorph (24)
 w - a wand of mindburst (64)
 y - a wand of acid (12)
 z - a wand of random effects (106)
 B - a wand of iceblast (39)
 H - a wand of flame (80)
 I - a wand of digging (13)
 O - a wand of paralysis (7)
Scrolls
 a - 6 scrolls of amnesia
 b - 29 scrolls of identify
 f - 2 scrolls of blinking
 h - 5 scrolls of immolation
 i - 10 scrolls of teleportation
 l - 6 scrolls of magic mapping
 r - 2 scrolls of torment
 x - 9 scrolls of noise
 A - a scroll of vulnerability
 K - 11 scrolls of fog
 L - a scroll of fear
 R - 2 scrolls of holy word
 Y - 2 scrolls of silence
Potions
 c - 2 potions of berserk rage
 e - 3 potions of invisibility
 j - 9 potions of lignification
 k - 12 potions of brilliance
 m - 3 potions of mutation
 n - 5 potions of flight
 q - 4 potions of ambrosia
 s - 11 potions of might
 t - 11 potions of curing
 C - 2 potions of magic
 E - 6 potions of attraction
 F - 5 potions of heal wounds
 G - 3 potions of cancellation
 W - 3 potions of haste
 X - a potion of resistance
Miscellaneous
 D - a tin of tremorstones (2/2)
 J - a condenser vane
 P - a lightning rod (4/4)
 T - a phial of floods


   Skills:
 + Level 20.2 Fighting
 - Level 15.0 Dodging
 - Level 12.0 Stealth
 - Level 12.3 Unarmed Combat
 - Level 12.0 Spellcasting
 - Level 6.1 Translocations
 - Level 12.0 Transmutations
 - Level 5.6 Fire Magic
 * Level 22.4 Air Magic
 - Level 7.0 Earth Magic
 - Level 15.4 Poison Magic
 - Level 10.8 Evocations


You couldn't memorise any spells.
You knew the following spells:

 Your Spells              Type           Power        Failure   Level
a - Tornado               Air            42%          11%         9
b - Poisonous Vapours     Pois/Air       100%         0%          2
c - Ignite Poison         Fire/Tmut/Pois 76%          1%          3
d - Olgreb's Toxic Radia  Pois           70%          1%          4
e - Eringya's Noxious Bo  Tmut/Pois      32%          1%          6
g - Apportation           Tloc           80%          1%          1
h - Blink                 Tloc           N/A          1%          2
j - Airstrike             Air            42%          0%          4
k - Statue Form           Tmut/Erth      36%          3%          6
l - Swiftness             Air            85%          0%          2
m - Passwall              Tmut/Erth      45%          1%          2
n - Passage of Golubria   Tloc           N/A          1%          4

Your spell library contained the following spells:

 Spells                   Type           Power        Failure   Level
 Sting                    Tmut/Pois      100%         0%          1
 Corpse Rot               Necr/Air       N/A          0%          2
 Wereblood                Tmut           61%          0%          2
 Pain                     Necr           52%          1%          1
 Gell's Gravitas          Tloc           20%          1%          3
 Lesser Beckoning         Tloc           20%          1%          3
 Teleport Other           Tloc           40%          1%          3
 Manifold Assault         Tloc           40%          1%          4
 Petrify                  Tmut/Erth      54%          1%          4
 Alistair's Intoxication  Tmut/Pois      43%          1%          5
 Lee's Rapid Deconstruct  Erth           22%          1%          5
 Hydra Form               Tmut           30%          1%          6
 Vampiric Draining        Necr           6%           2%          3
 Dragon Form              Tmut           30%          6%          7
 Borgnjor's Vile Clutch   Necr/Erth      14%          7%          5
 Agony                    Necr           13%          28%         5
 Ignition                 Fire           27%          99%         8
 Shatter                  Erth           22%          100%        9
 Shock                    Conj/Air       Unusable     N/A         1
 Animate Skeleton         Necr           Unusable     N/A         1
 Corona                   Hex            Unusable     N/A         1
 Foxfire                  Conj/Fire      Unusable     N/A         1
 Freeze                   Ice            Unusable     N/A         1
 Magic Dart               Conj           Unusable     N/A         1
 Summon Small Mammal      Summ           Unusable     N/A         1
 Call Imp                 Summ           Unusable     N/A         2
 Ensorcelled Hibernation  Hex/Ice        Unusable     N/A         2
 Slow                     Hex            Unusable     N/A         2
 Conjure Flame            Conj/Fire      Unusable     N/A         3
 Inner Flame              Hex/Fire       Unusable     N/A         3
 Mephitic Cloud           Conj/Pois/Air  Unusable     N/A         3
 Static Discharge         Conj/Air       Unusable     N/A         3
 Stone Arrow              Conj/Erth      Unusable     N/A         3
 Summon Lightning Spire   Summ/Air       Unusable     N/A         4
 Lightning Bolt           Conj/Air       Unusable     N/A         5
 Call Canine Familiar     Summ           Unusable     N/A         3
 Confusing Touch          Hex            Unusable     N/A         3
 Dazzling Flash           Conj/Hex       Unusable     N/A         3
 Ozocubu's Armour         Ice            Unusable     N/A         3
 Summon Guardian Golem    Hex/Summ       Unusable     N/A         3
 Tukima's Dance           Hex            Unusable     N/A         3
 Animate Armour           Summ/Erth      Unusable     N/A         4
 Leda's Liquefaction      Hex/Erth       Unusable     N/A         4
 Irradiate                Conj/Tmut      Unusable     N/A         5
 Yara's Violent Unravell  Hex/Tmut       Unusable     N/A         5
 Sticky Flame             Conj/Fire      Unusable     N/A         4
 Bolt of Magma            Conj/Fire/Erth Unusable     N/A         5
 Freezing Cloud           Conj/Ice/Air   Unusable     N/A         6
 Fireball                 Conj/Fire      Unusable     N/A         5
 Summon Forest            Summ/Tloc      Unusable     N/A         5
 Animate Dead             Necr           Unusable     N/A         4
 Summon Ice Beast         Ice/Summ       Unusable     N/A         4
 Metabolic Englaciation   Hex/Ice        Unusable     N/A         5
 Summon Mana Viper        Hex/Summ       Unusable     N/A         5
 Iron Shot                Conj/Erth      Unusable     N/A         6
 Invisibility             Hex            Unusable     N/A         6
 Shadow Creatures         Summ           Unusable     N/A         6
 Simulacrum               Ice/Necr       Unusable     N/A         6
 Summon Hydra             Summ           Unusable     N/A         7

Dungeon Overview and Level Annotations

Branches:
Dungeon (15/15)            Temple (1/1) D:4            Lair (6/6) D:8
  Swamp (4/4) Lair:4        Snake (4/4) Lair:4        Slime (0/5) Lair:5
    Orc (2/2) D:9             Elf (3/3) Orc:2        Vaults (5/5) D:13
  Crypt (0/3) Vaults:3     Depths (5/5) D:15            Zot (5/5) Depths:5
  IceCv (visited)

Altars:
Ashenzari
Cheibriados
Dithmenos
Elyvilon
Fedhas
Gozag
Hepliaklqana
Kikubaaqudgha
Makhleb
Nemelex Xobeh
Okawaru
Qazlal
Ru
Sif Muna
Trog
Uskayaw
Vehumet
Wu Jian
Xom
Yredelemnul
Zin
The Shining One

Shops:
D:10 [[[([   D:12 =   D:15 !!:   Orc:2 (*?!   Elf:1 [   Elf:2 :   Elf:3 =
Snake:4 :(!   Vaults:2 [[::   Vaults:4 *=(=!

Portals:
Hell: Depths:1 Depths:2 Depths:3 Depths:4 Depths:5
Abyss: Depths:1 Depths:3 Depths:4 Depths:5
Pandemonium: Depths:3
Ziggurat: Depths:2

Annotations:
D:2 exclusion: adder
D:4 Grinder
D:7 Maggie
D:14 1 runed translucent door, Momiex's ghost, journeyman DDFi
Lair:2 1 exclusion
Lair:3 exclusion: downstairs
Lair:4 1 runed translucent door, Ziuzejaw's ghost, journeyman DDFi
Elf:2 3 runed translucent doors
Vaults:2 3 runed translucent doors, Geloitur's ghost, veteran SpEE
Vaults:3 3 runed translucent doors, Dofenn's ghost, adept MiFi
Depths:2 3 runed translucent doors, exclusions: ancient lich and 5 more exclusions, Boris; inmateoo's ghost, veteran DEEE
Zot:4 exclusion: upstairs
Zot:5 exclusion: 3 upstairs


Innate Abilities, Weirdness & Mutations

You cannot wear armour.
You are incapable of wielding weapons or throwing items.
Your paws allow you to move quietly. (Stealth)
You have sharp claws.
You have razor-sharp teeth.
You have supernaturally acute eyesight. (SInv)
((You cover ground quickly.))
((Your thick and shaggy fur keeps you warm. (AC +3, rC+)))
Potions are less effective at restoring your health.
You are hated by all.
You cannot study or cast Conjurations magic.
You cannot study or cast Hexes magic.
You cannot study or cast Ice magic.
You take slightly more damage. (AC -5)
You have somewhat slow reflexes. (EV -5)
Your sharp claws are effective at attacking unaware monsters.
You are missing an eye, making it more difficult to aim.
You have a pair of horns on your head.
Your mind is very acute. (Int +4)
You do not regenerate when monsters are visible.
Your spells are a little easier to cast, but a little less powerful.


Message History

Your transformation is almost over.
Your surroundings suddenly seem different.
A green draconian comes into view. It is wielding a +0 trident.
The green draconian roars!
A red draconian comes into view.
It is wielding a +2 long sword of electrocution.
The red draconian roars!
The green draconian knight roars!
A dread lich comes into view.
The dread lich shouts!
You hear a roar!
The death cob gives a chilling moan.
You hear a shout!
The orb of fire glows bright magenta.
The bolt of fire hits you!! You resist.
A black draconian monk comes into view.
A white draconian comes into view. It is wielding a +0 long sword.
The red draconian breathes fire at you. The searing blast misses you.
The orb of fire begins to attack, but is stunned by your conviction!
A red draconian scorcher comes into view.
It is wielding a +0 dagger.
The red draconian completely misses you.
You redirect the green draconian's attack!
The purple draconian begins to attack, but is stunned by your conviction!
The purple draconian monk closely misses you.
The purple draconian monk kicks you!
* * * LOW HITPOINT WARNING * * *
The purple draconian monk tail-slaps you.
* * * LOW HITPOINT WARNING * * *
Blink to where?
Press: ? - help, Dir - move target
Okay, then.
Blink to where?
Press: ? - help, Dir - move target
As you read the scroll of blinking, it crumbles to dust.
You hear a loud "Zot"!
The purple draconian begins to attack, but is stunned by your conviction!
The orb of fire glows deep purple.
The bolt of fire hits you!! You resist.
* * * LOW HITPOINT WARNING * * *
An ancient lich comes into view.
The orb of fire glows bright magenta.
The bolt of fire hits you!! You resist.
You die...

#..○..# #.[.....#...# ####
#...L.###..dd*......#
...#####..........qdqz.....#
.........####.....zd[.†...###
.........# #.....⌠.....z...#
.........# #..*.*..........#
.........# ##......#.####...#
..#......# #...#'###L####...#
<.+......# #...#8#.dq...#...#
..#......# #...#.#......#...#
..####'### #...#.'......#####
## ..# #.#####...###......#
#. ..# #...............####
#. ###
#############.######### #.
#.......#.............# #.
#.#####.#.#.#.#######.#####.
#.#.....#.#.#.#........<....


You could see 3 orbs of fire, a purple draconian monk, a green draconian knight
(icy armour), an ancient lich, a green draconian, a purple draconian, 2
draconians and 2 death cobs.

Vanquished Creatures
  2 dread liches
  An ancient lich (Vaults:5)
  2 orbs of fire (Zot:1)
  Sojobo (Vaults:4)
  Bai Suzhen (Snake:3)
  A curse toe (Zot:4)
  A caustic shrike (shapeshifter) (Vaults:5)
  4 golden dragons
  Jorgrun (D:13)
  Rupert (D:15)
  4 tentacled monstrosities
  Asterion (Snake:1)
  2 deep elf blademasters (Elf:3)
  5 Orb Guardians (Zot:5)
  5 titans
  9 liches
  5 quicksilver dragons
  A deep elf master archer (Elf:3)
  4 death cobs
  4 sphinxes
  Frances (Elf:1)
  7 shadow dragons
  6 storm dragons
  8 tengu reavers
  5 draconian monks
  8 nagarajas
  A fenstrider witch (Swamp:1)
  2 draconian scorchers (Zot:1)
  Donald (Snake:3)
  7 deep elf sorcerers
  5 fire giants
  A draconian knight (Zot:4)
  A ghost moth (Depths:5)
  10 frost giants
  An iron dragon (Vaults:5)
  10 vault wardens
  A juggernaut zombie (Depths:3)
  A cacodemon (Vaults:2)
  5 deep elf elementalists
  4 spriggan defenders
  A caustic shrike zombie (Depths:3)
  12 ironheart preservers
  A caustic shrike skeleton (Depths:3)
  A draconian stormcaller (Zot:5)
  2 draconian annihilators
  A war gargoyle (Vaults:4)
  18 stone giants
  14 very ugly things
  2 black draconians
  8 vampire knights
  11 deep elf demonologists
  5 green draconians
  An entropy weaver (Vaults:3)
  5 spark wasps
  2 red draconians
  11 deep elf annihilators
  3 yellow draconians
  7 bunyips
  A white draconian (Zot:5)
  9 ettins
  11 yaktaur captains
  13 fire dragons
  A merfolk impaler (Depths:5)
  8 deep elf death magi
  3 eleionomae
  Josephine (Lair:6)
  A quicksilver dragon zombie (Depths:3)
  6 jiangshi
  4 great orbs of eyes
  A quicksilver dragon skeleton (Depths:3)
  6 deep elf high priests
  12 ice dragons
  29 hydras
  23 anacondas
  15 naga warriors
  2 catoblepae
  3 spriggan air magi
  27 vault guards
  A hydra (shapeshifter) (Vaults:5)
  9 boulder beetles
  A rakshasa (Vaults:3)
  13 ogre magi
  10 alligators
  A queen ant (shapeshifter) (Depths:1)
  13 centaur warriors
  2 ghost crabs
  A death knight (Vaults:4)
  39 two-headed ogres
  8 death yaks
  3 spriggan berserkers
  5 deep troll shamans
  2 vampire magi
  7 tengu warriors
  10 deep troll earth magi
  8 dancing weapons
  5 orc high priests
  13 naga sharpshooters
  9 shock serpents
  A titan zombie (Depths:3)
  4 hell knights
  A soul eater (Depths:3)
  2 sun demons
  A fire crab (Lair:5)
  A titan skeleton (Vaults:4)
  6 unseen horrors
  An iron troll (Depths:3)
  17 deep elf knights
  2 salamander mystics (Snake:4)
  3 flayed ghosts
  9 skeletal warriors
  3 goliath frogs
  A fire crab (shapeshifter) (Elf:3)
  30 deep trolls
  14 swamp dragons
  A deep troll (shapeshifter) (Vaults:4)
  4 glowing orange brains
  A death drake (shapeshifter) (Depths:1)
  4 spriggan druids
  12 deep elf archers
  11 naga ritualists
  4 lindwurms (Snake:4)
  7 necromancers
  4 wizards
  7 bog bodies
  20 orc knights
  13 deep elf zephyrmancers
  9 ironbrand convokers
  2 orc sorcerers
  Pikel (D:8)
  8 wolf spiders
  4 oklob plants (Lair:5)
  8 mana vipers
  9 phantasmal warriors
  A lindwurm (shapeshifter) (Vaults:5)
  A stone giant zombie (Depths:3)
  An iron dragon zombie (Depths:3)
  A shining eye (shapeshifter) (Vaults:5)
  An orb spider (shapeshifter) (Vaults:3)
  A wolf spider (shapeshifter) (Vaults:5)
  27 ugly things
  44 deep elf pyromancers
  7 cyclopes
  3 salamanders
  2 shadow dragon skeletons (Depths:3)
  A sphinx skeleton (Depths:3)
  A fire giant skeleton (Depths:3)
  9 elephants
  A moth of wrath (shapeshifter) (Depths:2)
  A salamander (shapeshifter) (Depths:2)
  A frost giant skeleton (Depths:3)
  2 manticores
  4 centaur zombies
  A will-o-the-wisp (Swamp:4)
  9 moths of wrath
  50 black mambas
  13 vault sentinels
  9 guardian serpents
  A rust devil (Depths:5)
  2 ice statues (IceCv)
  Maurice (D:10)
  16 naga magi
  A gargoyle (D:14)
  A centaur skeleton (D:15)
  13 cane toads
  A cane toad (shapeshifter) (Depths:3)
  3 rime drakes (Lair:5)
  15 komodo dragons
  A demonic crawler (Lair:2)
  A yaktaur (shapeshifter) (Depths:1)
  35 yaktaurs
  2 ice devils
  7 freezing wraiths
  A tormentor (Depths:3)
  A hellwing (Depths:3)
  A troll (D:13)
  2 bloated husks
  11 tyrant leeches
  A jumping spider (shapeshifter) (Vaults:3)
  Prince Ribbit (D:7)
  A sphinx simulacrum (Depths:1)
  4 blink frogs
  15 hornets
  A fire dragon zombie (Depths:1)
  37 slime creatures
  A raiju (shapeshifter) (Elf:3)
  7 dream sheep
  A frost giant simulacrum (Depths:1)
  An ettin zombie (Vaults:4)
  2 vampires
  An elf skeleton (Depths:3)
  3 shadows (D:15)
  2 spriggan skeletons (Depths:3)
  A redback (Vaults:3)
  A fire dragon skeleton (Depths:1)
  9 wraiths
  4 flying skulls (Depths:3)
  11 spriggans
  2 air elementals (Elf:3)
  Sigmund (D:6)
  8 water elementals
  3 wyverns
  64 yaks
  6 basilisks
  3 chaos spawn
  3 fire elementals (Depths:4)
  A basilisk (shapeshifter) (Vaults:1)
  8 vampire mosquitoes
  2 soldier ants
  A warg (Vaults:1)
  Edmund (D:6)
  18 swamp worms
  36 nagas
  2 soldier ants (shapeshifter)
  15 water moccasins
  2 floating eyes (D:15)
  7 swamp drakes
  9 acid dragons
  10 ice beasts
  A deep troll skeleton (Vaults:4)
  A hornet zombie (D:15)
  38 orc warriors
  5 black bears
  An eye of draining (shapeshifter) (Vaults:1)
  A black bear (shapeshifter) (Vaults:1)
  5 sky beasts
  24 ogres
  2 eyes of draining
  20 boggarts
  24 wolves
  2 lemures (D:8)
  A phantom (D:6)
  18 centaurs
  2 kobold brigands
  A gnoll sergeant (D:8)
  17 bullfrogs
  An earth elemental (Elf:1)
  A wyvern skeleton (D:13)
  A water moccasin skeleton (D:6)
  A killer bee (shapeshifter) (Vaults:2)
  3 scorpions
  4 killer bees (D:8)
  A howler monkey (D:14)
  13 wights
  2 bullfrog zombies
  4 quasits
  7 jellies
  31 orc priests
  7 hounds
  2 bullfrog skeletons
  3 iguanas
  19 orc wizards
  8 worker ants
  2 hound skeletons
  7 gnolls
  14 adders
  A river rat (shapeshifter) (Vaults:5)
  A shadow imp (D:8)
  17 white imps
  2 ufetubi
  5 oozes
  3 adder skeletons
  3 worms
  2 dart slugs
  4 leopard geckos
  85 orcs
  3 ball pythons
  8 bats
  6 giant cockroaches
  3 goblins
  2 hobgoblins
  10 jackals
  7 quokkas
  A ball python zombie (D:5)
  4 frilled lizards
  A giant cockroach zombie (D:4)
  17 kobolds
  A leopard gecko skeleton (D:6)
  11 rats
1910 creatures vanquished.

Vanquished Creatures (others)
  A dread lich (Vaults:3)
  Mara (Depths:3)
  Nikola (Swamp:4)
  4 tentacled monstrosities
  An Orb Guardian (Zot:5)
  A deep elf master archer (Elf:3)
  A thorn hunter (Swamp:3)
  A draconian monk (Zot:1)
  A tengu reaver (Vaults:5)
  A nagaraja (Snake:4)
  2 vault wardens (Vaults:5)
  A fire giant (Depths:2)
  A ghoul (Vaults:4)
  5 very ugly things
  3 ironheart preservers
  A stone giant (Vaults:5)
  A yellow draconian (Zot:1)
  A bunyip (Swamp:1)
  An eleionoma (Swamp:1)
  2 ettins
  A yaktaur captain (Vaults:1)
  A rakshasa (Depths:2)
  A great orb of eyes (D:15)
  5 vault guards (Vaults:5)
  2 shambling mangroves (Swamp:3)
  2 hydras
  An ogre mage (Vaults:3)
  2 naga warriors
  4 two-headed ogres
  An anaconda (Snake:4)
  A deep troll earth mage (Depths:2)
  4 alligators
  A shock serpent (Snake:4)
  A naga sharpshooter (Snake:4)
  A deep elf knight (Elf:1)
  2 hell knights (Depths:4)
  5 salamander mystics
  2 deep trolls
  2 unseen horrors (Vaults:1)
  2 flayed ghosts
  A deep elf archer (Vaults:5)
  A swamp dragon (Swamp:1)
  A golden dragon skeleton (Depths:3)
  A necromancer (Depths:4)
  A naga ritualist (Snake:4)
  2 ugly things (Depths:1)
  4 mana vipers
  An orc sorcerer (Vaults:2)
  6 salamanders
  2 black mambas
  A guardian serpent (Snake:3)
  A vault sentinel (Vaults:1)
  3 naga magi
  2 centaur skeletons (D:15)
  A cane toad (Lair:4)
  2 yaktaurs
  A tyrant leech (Swamp:3)
  2 hornets
  2 slime creatures
  A redback (Vaults:3)
  A tarantella (Vaults:3)
  2 yaks
  2 swamp worms
  8 nagas (Snake:4)
  A water moccasin (D:6)
  An orc warrior (Vaults:5)
  3 ogres
  A bullfrog (D:13)
  A wight (D:6)
  A bullfrog zombie (D:6)
  An orc (Vaults:1)
  A hobgoblin (shapeshifter) (Vaults:2)
  12 foxfires (Swamp:4)
  51 fungi
  86 plants
280 creatures vanquished.

Grand Total: 2190 creatures vanquished

Notes
Turn   | Place    | Note
-------+----------+-------------------------------------------
     0 | D:1      | Anon1729 the Felid Venom Mage began the quest for the Orb.
     0 | D:1      | Reached XP level 1. HP: 7/7 MP: 4/4
   510 | D:1      | Reached XP level 2. HP: 11/11 MP: 4/6
  1291 | D:2      | Learned a level 2 spell: Poisonous Vapours
  1470 | D:2      | Reached XP level 3. HP: 7/14 MP: 0/7
  2137 | D:2      | Gained mutation: You occasionally shout uncontrollably at
                  | your foes. [potion of mutation]
  2137 | D:2      | Gained mutation: You have a pair of small horns on your
                  | head. [potion of mutation]
  2137 | D:2      | Gained mutation: You do not regenerate when monsters are
                  | visible. [potion of mutation]
  2137 | D:2      | Gained mutation: You are agile. (Dex +2) [potion of
                  | mutation]
  2885 | D:2      | Learned a level 3 spell: Ignite Poison
  3389 | D:3      | Reached XP level 4. HP: 18/18 MP: 2/8
  4272 | D:3      | Reached skill level 1 in Unarmed Combat
  4518 | D:3      | Reached XP level 5. HP: 21/21 MP: 0/10
  4661 | D:3      | Found a sparkling altar of Nemelex Xobeh.
  4949 | D:3      | Reached skill level 1 in Fighting
  5492 | D:4      | Found a broken altar of Ashenzari.
  5541 | D:4      | Learned a level 4 spell: Olgreb's Toxic Radiance
  5574 | D:4      | Gained mutation: You are covered in thick fur. (AC +2)
                  | [Felid growth]
  5574 | D:4      | Reached XP level 6. HP: 25/25 MP: 3/11
  5588 | D:4      | Found a shadowy altar of Dithmenos.
  5886 | D:4      | Found a staircase to the Ecumenical Temple.
  5910 | Temple   | Entered the Ecumenical Temple
  6144 | Temple   | Became a worshipper of Ru the Awakened
  6189 | D:4      | Noticed Grinder
  6189 | D:4      | Paralysed by Grinder for 2 turns
  6404 | D:4      | Found a shimmering blue altar of Sif Muna.
  6407 | D:4      | Noticed an orc warrior
  6415 | D:4      | Killed an orc warrior
  6426 | D:4      | Identified Sif Muna's Guide on Flight and Intoxication
  6476 | D:4      | Found a bloodstained altar of Trog.
  6492 | D:5      | Entered Level 5 of the Dungeon
  6639 | D:5      | Reached skill level 5 in Poison Magic
  6988 | D:5      | Noticed a sky beast
  7063 | D:5      | Reached XP level 7. HP: 30/30 MP: 5/13
  7331 | D:5      | Found an opulent altar of Gozag.
  8074 | D:5      | Reached XP level 8. HP: 6/34 MP: 9/15
  8686 | D:5      | Gained mutation: You are missing an eye, making it more
                  | difficult to aim. [Ru sacrifice]
  8686 | D:5      | Reached * piety under Ru
  8882 | D:5      | Learned a level 3 spell: Mephitic Cloud
  8884 | D:5      | Learned a level 1 spell: Shock
  9234 | D:6      | Noticed Sigmund
  9237 | D:6      | Killed Sigmund
  9238 | D:6      | Reached skill level 5 in Transmutations
  9238 | D:6      | Reached skill level 1 in Air Magic
  9324 | D:6      | Noticed Edmund
  9354 | D:6      | Killed Edmund
  9821 | D:6      | Reached skill level 2 in Air Magic
  9881 | D:6      | Reached skill level 5 in Spellcasting
 10365 | D:6      | Found a radiant altar of Vehumet.
 10688 | D:7      | Noticed Prince Ribbit
 10694 | D:7      | Killed Prince Ribbit
 10695 | D:7      | Reached XP level 9. HP: 37/37 MP: 3/17
 10801 | D:7      | Noticed a +0 hand axe
 10802 | D:7      | Found a hide-covered altar of Uskayaw.
 10802 | D:7      | Noticed a +0 dagger
 11008 | D:7      | Noticed Maggie
 12142 | D:8      | Learned a level 3 spell: Tukima's Dance
 12172 | D:8      | Reached skill level 3 in Air Magic
 12331 | D:8      | Noticed a two-headed ogre
 12340 | D:8      | Killed a two-headed ogre
 12341 | D:8      | Reached skill level 1 in Fire Magic
 12375 | D:8      | Noticed a manticore
 12379 | D:8      | Killed a manticore
 12541 | D:8      | Found a staircase to the Lair.
 12549 | D:8      | Noticed Pikel
 12561 | D:8      | Reached XP level 10. HP: 38/42 MP: 2/20
 12686 | D:8      | Killed Pikel
 12687 | D:8      | Reached skill level 1 in Hexes
 12687 | D:8      | Reached skill level 4 in Air Magic
 12905 | D:8      | Identified a polished ring mail
 12938 | D:8      | Found a white marble altar of Elyvilon.
 13115 | D:8      | Found a basalt altar of Yredelemnul.
 13781 | D:9      | Found a staircase to the Orcish Mines.
 14021 | D:9      | Found a glowing silver altar of Zin.
 14095 | D:10     | Entered Level 10 of the Dungeon
 14135 | D:9      | Gained mutation: You take slightly more damage. (AC -5) [Ru
                  | sacrifice]
 14135 | D:9      | Reached ** piety under Ru
 14137 | Orc:1    | Entered Level 1 of the Orcish Mines
 14390 | Orc:2    | Entered Level 2 of the Orcish Mines
 14390 | Orc:2    | Found a staircase to the Elven Halls.
 15058 | Orc:2    | Noticed an orc high priest
 15210 | Orc:2    | Noticed an orange demon
 15210 | Orc:2    | Killed an orc high priest
 15308 | Orc:2    | Noticed an orc knight
 15310 | Orc:2    | Noticed an orc knight
 15385 | Orc:1    | Killed an orc knight
 15565 | Orc:2    | Killed an orc knight
 15566 | Orc:2    | Reached XP level 11. HP: 11/45 MP: 0/22
 15842 | Orc:2    | Noticed an orc knight
 15850 | Orc:2    | Noticed an orc knight
 15851 | Orc:2    | Killed an orc knight
 15852 | Orc:2    | Reached skill level 5 in Air Magic
 15866 | Orc:2    | Noticed an orc high priest
 16370 | Orc:2    | Killed an orc knight
 16790 | Orc:2    | Reached skill level 10 in Poison Magic
 16851 | Orc:2    | Noticed an orc high priest
 16854 | Orc:2    | Killed an orc high priest
 16855 | Orc:2    | Reached skill level 5 in Hexes
 16858 | Orc:2    | Noticed an orc knight
 17003 | Orc:2    | Killed an orc knight
 17069 | Orc:2    | Noticed an orc high priest
 17073 | Orc:2    | Killed an orc high priest
 17200 | Orc:2    | Reached skill level 5 in Dodging
 17535 | Orc:2    | Noticed an orc knight
 17545 | Orc:2    | Killed an orc knight
 17546 | Orc:2    | Noticed an orc knight
 17735 | Orc:1    | Killed an orc high priest
 17866 | Orc:2    | Noticed an orc knight
 17867 | Orc:2    | Noticed an orc high priest
 17883 | Orc:2    | Killed an orc knight
 17883 | Orc:2    | Killed an orc high priest
 18085 | Orc:2    | Killed an orc knight
 18397 | Orc:2    | Noticed an orc knight
 18454 | Orc:2    | Killed an orc knight
 18768 | Orc:2    | Noticed an orc knight
 18775 | Orc:2    | Killed an orc knight
 18776 | Orc:2    | Gained mutation: Your thick and shaggy fur keeps you warm.
                  | (AC +3, rC+) [Felid growth]
 18776 | Orc:2    | Reached XP level 12. HP: 40/51 MP: 5/24
 18977 | Orc:2    | Found Zimetak's Assorted Antiques.
 18980 | Orc:2    | Found Zaiduc's Distillery.
 18983 | Orc:2    | Found Qoth's Magic Scroll Shoppe.
 18984 | Orc:2    | Found Pekommip's Weapon Emporium.
 18988 | Orc:2    | Bought a scroll of blinking for 112 gold pieces
 18989 | Orc:2    | Bought a scroll of noise for 15 gold pieces
 18989 | Orc:2    | Bought a scroll of fog for 30 gold pieces
 18989 | Orc:2    | Bought a scroll of identify for 30 gold pieces
 18989 | Orc:2    | Bought a scroll of magic mapping for 52 gold pieces
 18991 | Orc:2    | Bought a scroll of identify for 30 gold pieces
 18995 | Orc:2    | Bought a potion of invisibility for 120 gold pieces
 18995 | Orc:2    | Bought a potion of brilliance for 60 gold pieces
 18996 | Orc:2    | Bought a scroll of teleportation for 81 gold pieces
 18996 | Orc:2    | Bought a scroll of identify for 54 gold pieces
 19000 | Orc:2    | Bought a scroll of identify for 30 gold pieces
 19000 | Orc:2    | Bought a scroll of identify for 30 gold pieces
 19000 | Orc:2    | Bought a scroll of blinking for 112 gold pieces
 19262 | Lair:1   | Entered Level 1 of the Lair of Beasts
 19262 | Lair:1   | Found a frozen archway.
 19270 | Lair:1   | Reached skill level 5 in Fighting
 19271 | Lair:1   | Noticed a seven-headed hydra
 19442 | Lair:1   | Noticed a six-headed hydra
 19452 | Lair:1   | Mangled by a six-headed hydra
 19453 | Lair:1   | Reached XP level 11. HP: -6/47 MP: 0/23
 19453 | Lair:1   | Killed a six-headed hydra
 19483 | IceCv    | Entered an ice cave
 19483 | IceCv    | Noticed a white ugly thing
 19493 | IceCv    | Killed a white ugly thing
 19494 | IceCv    | Reached skill level 6 in Air Magic
 19494 | IceCv    | Reached skill level 1 in Evocations
 19495 | IceCv    | Found a transporter.
 19587 | IceCv    | Reached skill level 5 in Fire Magic
 19886 | IceCv    | Noticed a white ugly thing
 19894 | IceCv    | Killed a white ugly thing
 19914 | IceCv    | Found a transporter.
 20149 | IceCv    | Learned a level 2 spell: Blink
 21684 | Lair:1   | Reached XP level 12. HP: 43/52 MP: 10/25
 22229 | Lair:1   | Learned a level 2 spell: Ensorcelled Hibernation
 22253 | Lair:2   | You fall into a shaft and drop 1 floor!
 22299 | Lair:3   | Noticed a catoblepas
 22691 | Lair:2   | HP: 1/52 [swamp worm/harpoon shot (8)]
 24479 | Lair:2   | Reached skill level 1 in Translocations
 25001 | Lair:2   | Identified an ominously black robe
 25065 | Lair:3   | Killed a catoblepas
 25336 | Lair:3   | You fall into a shaft and drop 1 floor!
 26660 | Lair:4   | Found a staircase to the Swamp.
 26890 | Lair:4   | Noticed a five-headed hydra
 27093 | Lair:4   | Killed a five-headed hydra
 27094 | Lair:4   | Reached XP level 13. HP: 42/56 MP: 10/26
 27196 | Lair:4   | Gained mutation: You are hated by all. [Ru sacrifice]
 27196 | Lair:4   | Reached *** piety under Ru
 27196 | Lair:4   | Reached **** piety under Ru
 27394 | Lair:4   | Found a runed translucent door.
 27394 | Lair:4   | Noticed Ziuzejaw's ghost (journeyman DDFi)
 27412 | Lair:4   | You fall into a shaft and drop 1 floor!
 27421 | Lair:5   | Reached skill level 7 in Air Magic
 27555 | Lair:5   | Found a staircase to the Slime Pits.
 27818 | Lair:4   | Found a staircase to the Snake Pit.
 28772 | Lair:5   | Lost mutation: You have a pair of small horns on your head.
                  | [potion of mutation]
 28772 | Lair:5   | Lost mutation: You occasionally shout uncontrollably at
                  | your foes. [potion of mutation]
 28772 | Lair:5   | Gained mutation: Your mind is acute. (Int +2) [potion of
                  | mutation]
 28772 | Lair:5   | Gained mutation: Your mind is very acute. (Int +4) [potion
                  | of mutation]
 28772 | Lair:5   | Gained mutation: You are strong-willed. (Will+) [potion of
                  | mutation]
 29606 | Lair:5   | Reached skill level 10 in Transmutations
 30147 | Lair:5   | Reached skill level 5 in Evocations
 30459 | Lair:5   | Identified a pair of translucent boots
 31648 | Lair:5   | Reached skill level 5 in Translocations
 31654 | Lair:5   | Identified a crude rapier
 31673 | Lair:5   | Identified a bloodstained short sword
 32063 | Lair:6   | Entered Level 6 of the Lair of Beasts
 32112 | Lair:5   | Learned a level 3 spell: Gell's Gravitas
 32116 | Lair:5   | Learned a level 3 spell: Inner Flame
 32279 | D:10     | Found Keuthoh's Armour Boutique.
 32525 | D:10     | Gained mutation: You have somewhat slow reflexes. (EV -5)
                  | [Ru sacrifice]
 32525 | D:10     | Reached ***** piety under Ru
 32963 | D:10     | Found Rero's Armour Boutique.
 33069 | D:10     | Found Plog's Armour Shoppe.
 33070 | D:10     | Noticed Maurice
 33074 | D:10     | Killed Maurice
 33100 | D:10     | Learned a level 2 spell: Swiftness
 33249 | D:10     | Found Kehodemm's Antique Weapon Shop.
 33337 | D:10     | Found Panoiff's Antique Armour Boutique.
 34472 | D:11     | Reached skill level 10 in Hexes
 34902 | D:12     | Reached XP level 14. HP: 41/61 MP: 7/28
 35006 | D:12     | Found Listocs's Jewellery Shoppe.
 37516 | D:13     | Learned a level 4 spell: Airstrike
 38128 | D:13     | Reached skill level 8 in Air Magic
 39839 | D:13     | Found a gate to the Vaults.
 39886 | D:14     | Noticed Jorgrun
 40086 | D:13     | Killed Jorgrun
 40713 | D:14     | Reached skill level 10 in Dodging
 40775 | D:14     | Found a shimmering altar of Xom.
 40776 | D:14     | Found the +7 mace of Variability {chain chaos}
 40793 | D:14     | HP: 3/62 [centaur[a centaur warrior] (10)]
 40795 | D:14     | Slain by a centaur
 40796 | D:14     | Reached XP level 13. HP: -4/57 MP: 0/27
 41110 | D:14     | Found a runed translucent door.
 41110 | D:14     | Found a shimmering altar of Xom.
 41110 | D:14     | Noticed Momiex's ghost (journeyman DDFi)
 41110 | D:14     | Identified the +8 triple sword of Jaypupn {chaos, *Rage
                  | +Rage rN++}
 41601 | D:15     | Entered Level 15 of the Dungeon
 41753 | D:15     | Reached XP level 14. HP: 63/63 MP: 16/28
 42170 | D:15     | Reached skill level 5 in Stealth
 43347 | D:15     | Identified a fine steel ring
 43413 | D:15     | Noticed Rupert
 43461 | D:15     | Killed Rupert
 43595 | D:15     | Noticed a frost giant
 43603 | D:15     | Killed a frost giant
 44297 | D:15     | Found a transporter.
 44604 | D:15     | Found Desm's Book Shop.
 44667 | D:15     | Identified the ring of Pocsamel {rN+ Will++}
 44676 | D:15     | Noticed a frost giant
 45474 | D:15     | Learned a level 1 spell: Apportation
 46327 | D:15     | Splashed by an acid dragon's acid
 46328 | D:15     | Reached XP level 13. HP: -4/59 MP: 0/36
 46336 | D:15     | Killed a frost giant
 46639 | D:15     | Reached skill level 10 in Spellcasting
 46905 | D:15     | Reached XP level 14. HP: 37/63 MP: 3/29
 47143 | D:15     | Found Vatic's Distillery.
 47149 | D:15     | Bought a potion of haste for 100 gold pieces
 47149 | D:15     | Bought a potion of resistance for 100 gold pieces
 47149 | D:15     | Bought a potion of curing for 30 gold pieces
 47224 | D:15     | Found a staircase to the Depths.
 47285 | D:15     | Found Tuomesin's Distillery.
 47292 | D:15     | Bought a potion of curing for 60 gold pieces
 47292 | D:15     | Bought a potion of ambrosia for 160 gold pieces
 47307 | D:15     | Found a transporter.
 47418 | D:15     | Identified a clouded copper ring
 47961 | Lair:6   | Reached skill level 9 in Air Magic
 48366 | Lair:6   | Noticed Josephine
 49346 | Lair:6   | Killed Josephine
 49635 | Lair:6   | Identified a scroll of acquirement
 49645 | Lair:6   | Reached skill level 10 in Fighting
 49645 | Lair:6   | Reached XP level 15. HP: 69/69 MP: 30/30
 49671 | Lair:6   | Acquired the ring of the Cockatrice {Fire rElec Int+2
                  | Stlth+}
 49685 | Lair:6   | Gained mutation: You cannot study or cast Ice magic. [Ru
                  | sacrifice]
 49685 | Lair:6   | Gained mutation: You cannot study or cast Hexes magic. [Ru
                  | sacrifice]
 49685 | Lair:6   | Gained mutation: You cannot study or cast Conjurations
                  | magic. [Ru sacrifice]
 51001 | Elf:1    | Entered Level 1 of the Elven Halls
 51132 | Elf:1    | Identified a translucent cloak
 52152 | Elf:1    | Noticed a deep elf sorcerer
 52161 | Elf:1    | Killed a deep elf sorcerer
 52529 | Elf:1    | Reached XP level 16. HP: 74/74 MP: 23/31
 52777 | Elf:1    | Noticed Frances
 52790 | Elf:1    | Killed Frances
 53212 | Elf:1    | Found Mise's Armour Shoppe.
 53421 | Elf:1    | Identified a heavily jewelled robe
 53604 | Elf:2    | Found Epaix's Book Emporium.
 54067 | Elf:2    | Found a runed translucent gate.
 54069 | Elf:2    | Found a runed translucent gate.
 54070 | Elf:2    | Found a runed translucent gate.
 54243 | Elf:3    | Entered Level 3 of the Elven Halls
 54957 | Elf:3    | Found Ariunize's Jewellery Emporium.
 56077 | Elf:3    | Noticed a deep elf master archer
 56083 | Elf:3    | Killed a deep elf master archer
 57179 | Elf:3    | Noticed a deep elf blademaster
 57362 | Elf:3    | Reached skill level 10 in Air Magic
 57629 | Elf:3    | Reached skill level 10 in Stealth
 57768 | Elf:3    | Identified the +7 hand axe of Dullness {flame, Will- Dex+4}
 57934 | Elf:3    | Noticed a deep elf master archer
 57941 | Elf:3    | Killed a deep elf master archer
 57942 | Elf:3    | Reached skill level 15 in Poison Magic
 57983 | Elf:3    | Identified the +1 plate armour of Naxtetavy {Regen+ Str+3}
 57983 | Elf:3    | Noticed a deep elf blademaster
 58039 | Elf:3    | Reached XP level 17. HP: 78/78 MP: 22/33
 58043 | Elf:3    | Killed a deep elf blademaster
 58064 | Elf:3    | Killed a deep elf blademaster
 58281 | Elf:3    | Identified the +4 falchion of the Gloaming {vorpal, Stlth+}
 58490 | Elf:3    | Identified the ring of Puothreph {rPois rN+ Will+ Str+6
                  | Dex+2}
 58632 | Elf:3    | Noticed an Ice Fiend
 58633 | Elf:3    | Noticed a Brimstone Fiend
 59119 | Elf:3    | Reached skill level 10 in Evocations
 59277 | Elf:3    | Acquired a book of Burglary
 59282 | Elf:3    | Learned a level 2 spell: Passwall
 59287 | Elf:3    | Learned a level 4 spell: Passage of Golubria
 59436 | Elf:3    | Identified a slimy scale mail
 60128 | Depths:1 | Entered Level 1 of the Depths
 60131 | Depths:1 | Acquired a book of the Tempests
 60229 | Depths:1 | Found a one-way gate to the infinite horrors of the Abyss.
 60288 | Depths:1 | Reached skill level 1 in Earth Magic
 60411 | Depths:1 | Found a gateway to Hell.
 60481 | Depths:1 | Found a flickering gateway to a bazaar.
 60490 | Bazaar   | Entered a bazaar
 60590 | Bazaar   | Found Ynexoagh's Book Emporium.
 60654 | Bazaar   | Found Biami's Antique Armour Emporium.
 60675 | Bazaar   | Found Caeruffi's Antique Weapon Emporium.
 60708 | Bazaar   | Bought a book of the Earth for 1170 gold pieces
 60708 | Bazaar   | Bought a Fen Folio for 1350 gold pieces
 60716 | Bazaar   | Learned a level 6 spell: Eringya's Noxious Bog
 63101 | Depths:1 | Killed from afar by a deep troll earth mage
 63102 | Depths:1 | Reached XP level 16. HP: -12/76 MP: 0/32
 63437 | Depths:1 | Reached XP level 17. HP: 79/79 MP: 9/33
 64380 | Depths:1 | Identified the Catalogue of Icy Toxins
 66203 | Depths:2 | Reached skill level 11 in Air Magic
 66740 | Depths:2 | Found a gateway to a ziggurat.
 66740 | Depths:2 | Noticed a lich
 66740 | Depths:2 | Noticed an ancient lich
 67111 | Depths:2 | Found a runed translucent door.
 67286 | Depths:2 | Found a runed translucent gate.
 67286 | Depths:2 | Found a runed translucent gate.
 67286 | Depths:2 | Found a runed translucent gate.
 67286 | Depths:2 | Found an ancient bone altar of Kikubaaqudgha.
 67286 | Depths:2 | Noticed a lich
 67287 | Depths:2 | Noticed inmateoo's ghost (veteran DEEE)
 67287 | Depths:2 | Noticed a dread lich
 67288 | Depths:2 | Noticed an ancient lich
 67288 | Depths:2 | Noticed a lich
 67946 | Depths:2 | Noticed a lich
 68529 | Depths:2 | Killed a lich
 68709 | Depths:2 | Found a runed translucent door.
 68709 | Depths:2 | Noticed a lich
 68710 | Depths:2 | Found a runed translucent door.
 69240 | Depths:2 | Killed a lich
 70958 | Depths:2 | Noticed a titan
 71451 | Depths:2 | Killed a titan
 72654 | Depths:3 | Reached skill level 5 in Earth Magic
 73624 | Depths:2 | Learned a level 6 spell: Statue Form
 73912 | Depths:3 | Reached XP level 18. HP: 57/83 MP: 6/35
 75003 | Depths:3 | Noticed Boris
 75603 | Swamp:1  | Entered Level 1 of the Swamp
 75732 | Swamp:1  | Reached skill level 15 in Dodging
 78017 | Swamp:2  | Paralysed by a hornet for 3 turns
 78197 | Swamp:2  | Gained mutation: Potions are less effective at restoring
                  | your health. [Ru sacrifice]
 78197 | Swamp:2  | Reached ****** piety under Ru
 78210 | Swamp:1  | Killed from afar by an eleionoma
 78211 | Swamp:1  | Reached XP level 17. HP: -29/81 MP: 0/34
 78293 | Swamp:1  | HP: 4/81 [poison]
 78298 | Swamp:1  | HP: 3/81 [poison]
 78303 | Swamp:1  | HP: 3/81 [poison]
 78311 | Swamp:1  | HP: 2/81 [poison]
 78839 | Snake:1  | Entered Level 1 of the Snake Pit
 79039 | Snake:1  | Noticed Asterion
 79140 | Snake:1  | Killed Asterion
 79350 | Snake:1  | Found a shadowy altar of Dithmenos.
 79889 | Snake:1  | You fall into a shaft and drop 1 floor!
 81594 | Snake:3  | Noticed Bai Suzhen
 81703 | Snake:3  | Killed Bai Suzhen
 83047 | Snake:3  | Reached skill level 5 in Unarmed Combat
 83398 | Snake:3  | Identified the +4 kite shield of Broken Taboos {*Contam
                  | +Blink Dex+3}
 83398 | Snake:3  | Noticed Donald
 83408 | Snake:3  | Killed Donald
 83958 | Snake:4  | Entered Level 4 of the Snake Pit
 84189 | Snake:4  | Reached skill level 12 in Air Magic
 84878 | Snake:4  | Reached XP level 18. HP: 86/86 MP: 20/35
 87051 | Snake:4  | Reached skill level 13 in Air Magic
 87368 | Snake:4  | Got a serpentine rune of Zot
 87745 | Snake:4  | Found Zybun's Distillery.
 87747 | Snake:4  | Found Jaotem's Antique Weapon Shop.
 87749 | Snake:4  | Found Joasaeg's Book Boutique.
 89645 | Swamp:3  | Found a broken altar of Ashenzari.
 89888 | Swamp:3  | Identified a sparkling pewter amulet
 90307 | Swamp:4  | Entered Level 4 of the Swamp
 90982 | Swamp:4  | Reached XP level 19. HP: 91/91 MP: 14/36
 91387 | Swamp:3  | Reached skill level 14 in Air Magic
 91692 | Swamp:4  | Noticed Nikola
 91699 | Swamp:4  | Killed Nikola
 92161 | Swamp:4  | Got a decaying rune of Zot
 92607 | Vaults:1 | Entered Level 1 of the Vaults
 93236 | Vaults:1 | Reached skill level 15 in Fighting
 93382 | Vaults:1 | Acquired 1115 gold pieces
 93821 | Vaults:1 | Identified a glimmering falchion
 94348 | Vaults:1 | Noticed a Brimstone Fiend
 94638 | Vaults:2 | Found Icropliw's Book Shoppe.
 94669 | Vaults:2 | Found Vapioggy's Book Boutique.
 94676 | Vaults:2 | Reached skill level 15 in Air Magic
 94765 | Vaults:2 | Found Zevul's Armour Shop.
 94984 | Vaults:2 | Found Visaacs's Antique Armour Shop.
 94989 | Vaults:2 | Found a flickering gateway to a bazaar.
 94999 | Bazaar   | Entered a bazaar
 95027 | Bazaar   | Found Ukomiepn's Antique Armour Shoppe.
 95027 | Bazaar   | Found Welihitu's Distillery.
 95047 | Bazaar   | Found Siluef's Antique Weapon Shoppe.
 95047 | Bazaar   | Found Umuenn's Armour Emporium.
 95069 | Bazaar   | Found Xayroah's General Store.
 95217 | Vaults:2 | Identified the +8 morningstar of Habips {vorpal, Str+4}
 95578 | Vaults:2 | Reached skill level 10 in Unarmed Combat
 96077 | Vaults:2 | Gained mutation: Your spells are a little easier to cast,
                  | but a little less powerful. [a cacodemon]
 96312 | Vaults:2 | Reached XP level 20. HP: 97/97 MP: 17/37
 96410 | Vaults:2 | Found a runed translucent gate.
 96410 | Vaults:2 | Found a runed translucent gate.
 96423 | Vaults:2 | Found a runed translucent gate.
 97014 | Vaults:2 | Found a runed translucent gate.
 97014 | Vaults:2 | Found a runed translucent gate.
 97016 | Vaults:2 | Noticed Geloitur's ghost (veteran SpEE)
 97018 | Vaults:2 | Found a runed translucent gate.
 97125 | Vaults:3 | Reached skill level 16 in Air Magic
 98082 | Vaults:3 | Found a staircase to the Crypt.
 98247 | Vaults:3 | Found a runed translucent gate.
 98247 | Vaults:3 | Found a runed translucent gate.
 98247 | Vaults:3 | Found a runed translucent gate.
 98247 | Vaults:3 | Found an ancient bone altar of Kikubaaqudgha.
 98247 | Vaults:3 | Noticed an ancient lich
 98247 | Vaults:3 | Noticed a dread lich
 98248 | Vaults:3 | Noticed a dread lich
 98248 | Vaults:3 | Noticed Dofenn's ghost (adept MiFi)
 98578 | Vaults:3 | Killed a dread lich
 98590 | Vaults:3 | Killed a dread lich
 98591 | Vaults:3 | Reached skill level 17 in Air Magic
 99652 | Elf:2    | Bought a manual of Fighting for 1766 gold pieces
100036 | Vaults:4 | Found Votu's Distillery.
100038 | Vaults:4 | Noticed Sojobo
100050 | Vaults:4 | Killed Sojobo
100814 | Vaults:4 | Reached XP level 21. HP: 100/100 MP: 35/38
101439 | Vaults:4 | Found a hazy altar of Hepliaklqana.
101443 | Vaults:4 | Found Tymiveq's Jewellery Shop.
101846 | Vaults:4 | Reached skill level 18 in Air Magic
102035 | Vaults:4 | Found Guempum's Jewellery Boutique.
102139 | Vaults:4 | Found Lihihie's Weapon Shoppe.
102225 | Vaults:4 | Found Soxitoim's Assorted Antiques.
102230 | Vaults:4 | Bought a scroll of teleportation for 150 gold pieces
102854 | Vaults:5 | Entered Level 5 of the Vaults
102854 | Vaults:5 | Noticed a golden dragon
102864 | Vaults:5 | Noticed a golden dragon
102869 | Vaults:4 | Killed a golden dragon
103060 | Vaults:4 | Killed a golden dragon
103683 | Vaults:5 | Identified the ring "Onachi" {Wiz rPois Str+5}
103938 | Vaults:5 | Reached skill level 19 in Air Magic
104503 | Vaults:5 | Got a silver rune of Zot
104952 | Vaults:5 | Reached XP level 22. HP: 109/109 MP: 14/39
105111 | Vaults:5 | Noticed a dread lich
105145 | Vaults:5 | Killed a dread lich
105724 | Vaults:5 | Noticed a golden dragon
105734 | Vaults:5 | Killed a golden dragon
105738 | Vaults:5 | Noticed an ancient lich
106081 | Vaults:5 | Identified the +5 battleaxe of the Scorching Owl {drain,
                  | Str+2}
106130 | Vaults:5 | Killed an ancient lich
106179 | Vaults:5 | Noticed a caustic shrike
106190 | Vaults:5 | Killed a caustic shrike
106407 | Vaults:5 | Reached skill level 20 in Air Magic
106706 | Vaults:5 | Identified the +0 robe of Subjectivity {rN+ Will+ Str+5}
107130 | Vaults:5 | Learned a level 9 spell: Tornado
107429 | Depths:3 | Lost mutation: You are agile. (Dex +2) [mutagenic glow]
108394 | Depths:3 | Found a one-way gate leading to the halls of Pandemonium.
109363 | Depths:4 | Noticed Mara
109629 | Depths:3 | Noticed Anon1729's illusion
109642 | Depths:3 | Noticed Anon1729's illusion
109643 | Depths:3 | Killed Mara
110134 | Depths:4 | Reached skill level 21 in Air Magic
110134 | Depths:4 | Reached XP level 23. HP: 110/116 MP: 25/40
110136 | Depths:4 | Identified the Incunabulum of Quantum Shape Shifting
110138 | Depths:4 | Identified Entyepaw's Papyrus of Kismet
110618 | Depths:5 | Entered Level 5 of the Depths
112287 | Depths:5 | Found a gate to the Realm of Zot.
112576 | Zot:1    | Entered Level 1 of the Realm of Zot
112638 | Zot:1    | Noticed an orb of fire
112791 | Zot:1    | Killed an orb of fire
113321 | Zot:1    | Acquired 646 gold pieces
113662 | Zot:1    | Gained mutation: Your magical capacity is low. (-10% MP)
                  | [mutagenic glow]
113861 | Zot:1    | Noticed an orb of fire
114031 | Zot:1    | Gained mutation: Your spells are easier to cast, but less
                  | powerful. [an orb of fire]
114031 | Zot:1    | Gained mutation: Your magical capacity is very low. (-20%
                  | MP) [an orb of fire]
114036 | Zot:1    | Gained mutation: You have a pair of small horns on your
                  | head. [an orb of fire]
114044 | Zot:1    | Killed from afar by an orb of fire
114045 | Zot:1    | Reached XP level 22. HP: -11/145 MP: 17/31
114045 | Zot:1    | Lost mutation: You are strong-willed. (Will+) [potion of
                  | mutation]
114045 | Zot:1    | Lost mutation: Your spells are easier to cast, but less
                  | powerful. [potion of mutation]
114045 | Zot:1    | Lost mutation: Your magical capacity is very low. (-20% MP)
                  | [potion of mutation]
114045 | Zot:1    | Lost mutation: Your magical capacity is low. (-10% MP)
                  | [potion of mutation]
114045 | Zot:1    | Gained mutation: You have a pair of horns on your head.
                  | [potion of mutation]
114058 | Zot:1    | Killed an orb of fire
114060 | Zot:1    | Noticed a golden dragon
114805 | Zot:4    | Noticed a golden dragon
114847 | Zot:2    | Reached skill level 22 in Air Magic
115112 | Zot:4    | Noticed a curse toe
115552 | Zot:4    | Killed a curse toe
116078 | Zot:5    | Entered Level 5 of the Realm of Zot
116554 | Zot:5    | Noticed an orb of fire
116557 | Zot:5    | Noticed an orb of fire
116558 | Zot:5    | Killed from afar by an orb of fire
116558 | Zot:5    | Noticed an orb of fire
116559 | Zot:5    | Reached XP level 21. HP: -3/140 MP: 9/38
116581 | Zot:5    | Got the Orb of Zot
116593 | Zot:5    | Noticed a dread lich
116594 | Zot:5    | HP: 3/141 [orb of fire/bolt of fire (31)]
116594 | Zot:5    | Noticed an ancient lich
116594 | Zot:5    | Killed from afar by an orb of fire

Illustrated notes

Levels and vault maps discovered:
D:1:      sevenhm_arrival_forest_fort_large_1, layout_loops_ring,
          minmay_misc_feat_encased
D:2:      layout_basic
D:3:      minmay_evil_eye, layout_loops_ring, nemelex_diamond_rough_becter
D:4:      layout_cave_pools, nzn_overflow_gifts_of_might_and_magic,
          lemuel_round_altar, minmay_temple_entry_large_hall, serial_forest,
          infiniplex_forest_pool, infiniplex_forest_clump_diagonal,
          infiniplex_forest_straight_3, infiniplex_forest_lined_corner,
          infiniplex_forest_lined_room_2, infiniplex_forest_clump_double,
          infiniplex_forest_lined_room_3, grunt_dithmenos_smoke_and_mirrors,
          uniq_grinder, uniq_blork_the_orc
D:5:      layout_loops_corners, nicolae_overflow_hidden_temple,
          dk_noncrumbling_4, minmay_door_square, minmay_holes,
          cheibrodos_gnoll_hut
D:6:      minmay_angry_zag, layout_gridville, fiery_altar_vehumet,
          corexii_hall_statues_x, sigmund_edmund_badplayer
D:7:      layout_loops_corners, dancing_weapons_uskayaw, uniq_maggie,
          uniq_prince_ribbit1
D:8:      layout_rooms, kennysheep_ying_yang, dpeg_oklobed_lair, uniq_pikel
D:9:      layout_big_octagon, kennysheep_mini_moat, orc_0_dummy
D:10:     layout_loops_corners, serial_shops, nicolae_shop_crystal, shop, shop,
          shop, shop_statue, uniq_maurice
D:11:     layout_basic
D:12:     layout_basic, serial_shops, shop
D:13:     layout_stronghold, david_vaults_5
D:14:     layout_rooms, ebering_ghost_xom, serial_bayou_shore_a,
          minmay_guarded_unrand_variability, uniq_jorgrun
D:15:     hangedman_spin_cycle, uniq_rupert
Temple:   nicolae_temple_figure_eight
Lair:1:   layout_roguey, portal_ice_cave_entry_imps,
          hangedman_lair_unloving_vines, nicolae_lair_grove_arrangements
Lair:2:   layout_roguey, worms_lemuel, grunt_megastairs_2
Lair:3:   layout_chaotic_city, grunt_megastairs_3, infiniplex_staircase_pool_2
Lair:4:   layout_layer_cave, minmay_swamp_entry_reptiles,
          minmay_snake_entry_guardpost_small, gammafunk_ghost_grave
Lair:5:   nzn_winding_woodlands_large [nzn_winding_woodlands_hourglass,
          nzn_winding_woodlands_5x15_zeroes,
          nzn_winding_woodlands_5x5_closed_star,
          nzn_winding_woodlands_center_triple_pond,
          nzn_winding_woodlands_15x15_thick_spiral,
          nzn_winding_woodlands_center_lodge,
          nzn_winding_woodlands_5x5_perimeter,
          nzn_winding_woodlands_5x15_crooked,
          nzn_winding_woodlands_5x5_default], layout_regular_city,
          nicolae_slime_entry_slimehenge, st_stairs_13,
          minmay_lair_oklob_chamber
Lair:6:   grunt_lair_end_beastmaster, layout_regular_city, minivault_11,
          minmay_hedge_maze, lemuel_fruit_tree, uniq_josephine
Swamp:1:  layout_basic_swamp, nicolae_swamp_very_dense_foliage
Swamp:2:  layout_falls_marsh, evilmike_swamp_ruin_house_1,
          infiniplex_staircase_pool
Swamp:3:  layout_falls_marsh, lemuel_altar_in_water, swamp_pool5
Swamp:4:  swamp_alternative, layout_basic_swamp, uniq_nikola
Snake:1:  layout_grid_shapes, basic_altar, serial_bayou_pond_a, uniq_asterion
Snake:2:  layout_rooms
Snake:3:  layout_chambers, uniq_donald, uniq_bai_suzhen
Snake:4:  snake_pit_salamanders_mu, layout_layer_cave, minmay_shop_star
Orc:1:    layout_diamond_mine, nicolae_orc_damp_corner
Orc:2:    st_orc_pillars, layout_diamond_mine
Elf:1:    eino_elf_arrival_sip, layout_rooms, serial_shops, shop,
          hangedman_elf_represent, grunt_ministairs_8, uniq_frances
Elf:2:    layout_geoelf_octagon, serial_shops, shop, minmay_misc_feat_five
Elf:3:    elf_hall, layout_onion_city, serial_shops, nicolae_shop_crystal
Vaults:1: nicolae_vaults_network_barrier, v_misc_33, vaults_room_pools,
          kb_rosetta, nicolae_vaults_little_squares_1, vaults_room_fours,
          v_pattern_1, hangedman_vaults_nails, vaults_mumra_hex,
          vaults_dpeg_diagonal, ontoclasm_vaults_gateway,
          grunt_vaults_hallway_short, grunt_vaults_hallway_short,
          layout_vaults_maze_snakey
Vaults:2: ploomutoo_gammafunk_vaults_ghost_potion_laboratory, v_rooms_5,
          vaults_room_fancy_cross, vaults_room_door_hall,
          ontoclasm_vaults_decontamination, layout_vaults_omnigrid,
          serial_shops, bzr_entry_customers, shop, shop, shop, shop
Vaults:3: gammafunk_vaults_ghost_crypt, grunt_vaults_twisty, st_octagons_1,
          nicolae_vaults_sealed_display, v_alt_pattern_6,
          nicolae_vaults_what_the_h, minmay_crypt_entry_simple_walls, v_rooms_6,
          vaults_standard_mumra_enter_the_diamond, vaults_room_pool,
          vaults_dpeg_ring, layout_vaults_omnicross
Vaults:4: ontoclasm_vaults_ring_small, vaults_room_fours,
          nicolae_vaults_network_periphery, hangedman_vaults_cutoff,
          vaults_room_boxed, dpeg_vaults_monster_box,
          hangedman_vaults_corner_blocks, vaults_room_fancy_cross,
          grunt_vaults_trifunnel, nicolae_vaults_little_squares_6,
          layout_vaults_big_room, basic_altar, serial_shops, shop,
          nicolae_shop_waterfront, shop_coins, nicolae_shop_waterfront, shop,
          uniq_sojobo
Vaults:5
Depths:1: layout_roguey, serial_bayou_shore_b, abyss_entry, serial_shops,
          bzr_in_the_mist, lightli_too_deep, minmay_starry_boxes,
          serial_bayou_shore_b
Depths:2: minmay_the_grid_triangle_9x9_recursive_3
          [minmay_the_grid_triangle_9x9_limited_checkers,
          minmay_the_grid_triangle_9x9_wacky_v,
          minmay_the_grid_triangle_9x9_swiss_cheese,
          minmay_the_grid_triangle_9x9_prize_center,
          minmay_the_grid_triangle_9x9_checkered,
          minmay_the_grid_triangle_9x9_from_above,
          minmay_the_grid_triangle_9x9_warning,
          minmay_the_grid_triangle_9x9_fully_insulated_deathbox,
          minmay_the_grid_triangle_9x9_pentomino_pain], layout_cave_pools,
          enter_ziggurat_c, chequers_hall_statues_wall_a, gammafunk_ghost_crypt,
          hell_entry, minmay_staircase_statues
Depths:3: hangedman_screamer, layout_gridlike, serial_sigils,
          serial_sigils_hangedman_snap, serial_sigils_hangedman_leer,
          serial_sigils_hangedman_stare, serial_sigils_hangedman_quiver,
          abyss_entry_small_statue_room, rand_demon_pan_entry_8, eino_curves_02,
          pf_hell_entry_tar_spiral, lightli_gold_pyramid
Depths:4: cheibrodos_lost_city_excavation, layout_long_grid, abyss_entry,
          wad_floor_pattern_2, hell_entry, uniq_mara
Depths:5: evilmike_zot_entry_round, layout_basic, grunt_hell_entry_dis_grunt,
          serial_rivers, chequers_serial_rivers_small_b,
          chequers_serial_rivers_room_b, chequers_serial_rivers_small_b,
          chequers_serial_rivers_marsh, chequers_serial_rivers_small_3,
          chequers_serial_rivers_micro_c, abyss_entry
Zot:1:    layout_onion, lemuel_lake_of_fire, grunt_megastairs_5
Zot:2:    grunt_twist_and_shout, layout_cathedral_of_symmetry,
          st_single_dragon_hoard_3, grunt_ministairs_9
Zot:3:    layout_basic, chequers_guarded_unrand_mask_of_the_dragon
Zot:4:    nicolae_moth_party, layout_cathedral_of_symmetry, bh_zot_levy_curve
Zot:5:    layout_basic

Skill      XL: |  1  2  3  4  5  6  7  8  9 10 11 12 13 14 15 16 17 18 19 20 21 22 |
---------------+-------------------------------------------------------------------+-----
Poison Magic   | 3 4 5 6 7 8 9 11 12 13 14 15 | 15.4
Transmutations | 2 3 4 5 6 7 9 10 12 | 12.0
Dodging        | 3 7 8 9 11 12 14 15 | 15.0
Unarmed Combat | 1 2 5 8 10 12 | 12.3
Fighting       | 1 2 3 4 6 7 10 12 14 15 17 20 | 20.2
Spellcasting   | 3 4 5 6 8 10 11 12 | 12.0
Air Magic      | 2 3 4 6 7 9 10 12 13 15 17 19 22 | 22.4
Fire Magic     | 2 3 5 |  5.6
Hexes          | 4 7 8 12 0 |  0.0
Evocations     | 2 4 5 8 9 10 | 10.8
Translocations | 3 5 6 |  6.1
Stealth        | 7 8 10 12 | 12.0
Earth Magic    | 7 6 |  7.0

Action                   |  1- 3 |  4- 6 |  7- 9 | 10-12 | 13-15 | 16-18 | 19-21 | 22-24 || total
-------------------------+-------+-------+-------+-------+-------+-------+-------+-------++-------
Melee: Unarmed           |    32 |    58 |   126 |   128 |   244 |   562 |   904 |   650 ||  2704
       Headbutt          |     6 |    11 |    17 |    29 |     3 |       |       |    12 ||    78
       Bite              |     2 |     6 |    14 |    13 |    28 |    82 |   158 |    97 ||   400
       Punch             |       |       |       |       |     1 |    20 |    83 |    55 ||   159
 Cast: Sting             |    67 |    44 |    36 |    19 |     2 |     1 |       |       ||   169
       Poisonous Vapours |     4 |    35 |    13 |    23 |    11 |    24 |     6 |    13 ||   129
       Olgreb's Toxic Ra |       |     4 |    24 |   124 |   195 |   216 |    67 |    23 ||   653
       Ignite Poison     |       |     5 |    30 |   165 |   256 |   393 |   124 |    48 ||  1021
       Mephitic Cloud    |       |       |    10 |    56 |    77 |       |       |       ||   143
       Shock             |       |       |     5 |     2 |     7 |       |       |       ||    14
       Blink             |       |       |       |    14 |    12 |    32 |     6 |    10 ||    74
       Ensorcelled Hiber |       |       |       |     2 |     6 |       |       |       ||     8
       Airstrike         |       |       |       |       |   314 |   461 |    17 |     4 ||   796
       Inner Flame       |       |       |       |       |     3 |       |       |       ||     3
       Swiftness         |       |       |       |       |     2 |     2 |     1 |     1 ||     6
       Apportation       |       |       |       |       |     1 |       |     1 |     4 ||     6
       Eringya's Noxious |       |       |       |       |       |   111 |    50 |    20 ||   181
       Statue Form       |       |       |       |       |       |    59 |    96 |    82 ||   237
       Passwall          |       |       |       |       |       |     9 |       |     6 ||    15
       Passage of Golubr |       |       |       |       |       |     2 |     2 |     1 ||     5
       Tornado           |       |       |       |       |       |       |     1 |    23 ||    24
Invok: Sacrifice an Eye  |       |       |     1 |       |       |       |       |       ||     1
       Sacrifice Health  |       |       |       |     1 |     1 |       |       |       ||     2
       Reject Sacrifices |       |       |       |     1 |     1 |     1 |       |       ||     3
       Power Leap        |       |       |       |       |     6 |       |     3 |     1 ||    10
       Draw Out Power    |       |       |       |       |     2 |    16 |     7 |    13 ||    38
       Sacrifice Love    |       |       |       |       |     1 |       |       |       ||     1
       Apocalypse        |       |       |       |       |     1 |     3 |       |       ||     4
       Sacrifice Arcana  |       |       |       |       |     1 |       |       |       ||     1
       Sacrifice Purity  |       |       |       |       |       |     1 |       |       ||     1
 Abil: End Transformatio |       |       |       |       |       |     2 |     2 |       ||     4
Evoke: Wand              |       |       |       |    13 |    28 |    38 |     1 |     9 ||    89
       Box of beasts     |       |       |       |     1 |       |       |       |       ||     1
       Tin of tremorston |       |       |       |       |       |     2 |     1 |     1 ||     4
  Use: Potion            |     5 |       |     1 |     4 |     4 |     4 |     4 |     7 ||    29
       Scroll            |       |       |     3 |     8 |    12 |    13 |     5 |    14 ||    55
 Stab: Sleeping          |     1 |     1 |     5 |     3 |     4 |     7 |     7 |     8 ||    36
       Distracted        |       |       |     1 |       |     3 |     8 |    14 |    14 ||    40
       Confused          |       |       |     1 |       |     1 |       |       |       ||     2
       Invisible         |       |       |       |       |     1 |     4 |    10 |     6 ||    21
       Paralysed         |       |       |       |       |     1 |     3 |       |     1 ||     5
Armor: Skin              |     5 |     5 |    16 |     2 |       |   155 |   263 |   290 ||   736
Dodge: Dodged            |    49 |    51 |   114 |   302 |   447 |  1619 |  1874 |  1362 ||  5818

Table legend: (Time is in decaauts)
 A = Elapsed time spent in this place.
 B = Non-inter-level travel time spent in this place.
 C = Inter-level travel time spent in this place.
 D = Time resting spent in this place.
 E = Time spent auto-exploring this place.
 F = Levels seen in this place.
 G = Mean time per level.
                   A        B        C        D        E       F      G
               +--------+--------+--------+--------+--------+-----+--------+
         Total | 113964 | 109030 |   4934 |  43883 |  46175 |  53 | 2150.3 |
       Dungeon |  29423 |  27533 |   1890 |  11729 |  11727 |  15 | 1961.5 |
        Temple |    214 |    164 |     50 |      0 |    159 |   1 |  214.0 |
          Lair |  14347 |  13483 |    864 |   5722 |   6032 |   6 | 2391.2 |
         Swamp |   7670 |   7346 |    324 |   3227 |   2804 |   4 | 1917.5 |
     Snake Pit |   9281 |   8929 |    352 |   2800 |   4216 |   4 | 2320.2 |
  Orcish Mines |   4893 |   4750 |    143 |   2716 |   1329 |   2 | 2446.5 |
   Elven Halls |   8129 |   7803 |    326 |   3166 |   3704 |   3 | 2709.7 |
        Vaults |  15193 |  14692 |    501 |   2595 |   8693 |   5 | 3038.6 |
        Depths |  20209 |  19738 |    471 |   9343 |   6781 |   5 | 4041.8 |
           Zot |   3207 |   3198 |      9 |   1771 |    475 |   5 |  641.4 |
        Bazaar |    303 |    303 |      0 |      0 |    251 |   2 |  151.5 |
      Ice Cave |   1090 |   1090 |      0 |    812 |      0 |   1 | 1090.0 |
               +--------+--------+--------+--------+--------+-----+--------+

Top non-repeatable levels by time:
Depths:2: 8240 daAuts
    D:15: 4699 daAuts
  Lair:5: 4208 daAuts
Vaults:4: 4050 daAuts
   Elf:3: 3940 daAuts
 Snake:4: 3896 daAuts
Depths:1: 3889 daAuts
Vaults:5: 3878 daAuts
Depths:3: 3688 daAuts
    D:13: 3568 daAuts
Depths:5: 3282 daAuts
 Swamp:1: 2870 daAuts
    D:14: 2790 daAuts
 Snake:3: 2698 daAuts
Vaults:3: 2493 daAuts
